 Dungeon Crawl Stone Soup version bcrawl-1.13.5 (webtiles) character file.

Game seed: 8518910539221632974

720 busta the Shield-Bearer (level 7, 41/48 HPs)
             Began as a Merfolk Archaeologist on Aug 30, 2019.
             Was an Initiate of Okawaru.
             Quit the game on level 6 of the Dungeon.
             The game lasted 00:15:55 (6036 turns).

busta the Shield-Bearer (Merfolk Archaeologist)     Turns: 6036, Time: 00:15:56

Health: 41/48      AC:  6    Str: 13    XL:     7   Next: 70%
Magic:  7/7        EV: 16    Int: 13    God:    Okawaru [......]
Gold:   257        SH:  6    Dex: 18    Spells: 6/6 levels left

rFire    + . .     SeeInvis .   c - +0 spear
rCold    . . .     Gourm    .   r - +0 buckler
rNeg     . . .     Faith    .   b - +1 robe
rPois    .         Spirit   .   m - +0 helmet
rElec    .         Reflect  .   (no cloak)
rCorr    .         Harm     .   (no gloves)
MR       +....     Clarity  +   d - +1 pair of boots
Stlth    +++.......             h - amulet of magic regeneration
HPRegen  0.16/turn              q - ring of protection from fire
MPRegen  0.35/turn              w - +5 ring of dexterity

@: no status effects
A: change form in water, swift swim, stealthy swim, clarity, magic resistance 1
a: Renounce Religion


You were on level 6 of the Dungeon.
You worshipped Okawaru.
Okawaru was noncommittal.
You were not hungry.

You visited 2 branches of the dungeon, and saw 7 of its levels.

You collected 257 gold pieces.

Inventory:

Hand Weapons
 c - a +0 spear (weapon)
 l - a +1 halberd
Armour
 a - a +4 chain mail of cold resistance
 b - a +1 robe (worn)
 d - a +1 pair of boots (worn)
 f - the +18 shield of the Gong {rElec rN+ MR+ EV-5}

   It affects your evasion (-5).
   It insulates you from electricity.
   It protects you from negative energy.
   It affects your resistance to hostile enchantments.
 m - a +0 helmet (worn)
 r - a +0 buckler (worn)
Jewellery
 h - an amulet of magic regeneration (around neck)
 q - a ring of protection from fire (left hand)
 u - a +3 ring of intelligence
 v - an uncursed ring of protection from fire
 w - a +5 ring of dexterity (right hand)
Scrolls
 p - a scroll of amnesia
 s - a scroll of teleportation
 t - 2 scrolls of identify
Potions
 e - a potion of curing
 i - 2 potions of brilliance
 j - a potion of heal wounds
 n - 2 potions of might
 o - 3 potions of haste
Comestibles
 g - 9 rations {!d}


   Skills:
 - Level 1.1 Fighting
   Level 0.7 Maces & Flails
 + Level 7.1 Polearms
 - Level 5.5 Dodging
 - Level 3.6 Stealth
 - Level 7.5 Shields


You had 6 spell levels left.
You didn't know any spells.
Your spell library was empty.

Dungeon Overview and Level Annotations

Branches:
Dungeon (6/12)             Temple (1/1) D:4

Altars:
Ashenzari
Cheibriados
Dithmenos
Elyvilon
Fedhas
Gozag
Hepliaklqana
Kikubaaqudgha
Lugonu
Makhleb
Nemelex Xobeh
Okawaru
Qazlal
Ru
Sif Muna
Trog
Uskayaw
Vehumet
Wu Jian
Xom
Yredelemnul
Zin
The Shining One

Shops:
D:4 (?   D:5 %

Annotations:
D:5 exclusion: ugly thing
D:6 Eustachio


Innate Abilities, Weirdness & Mutations

You revert to your normal form in water.
You are very nimble and swift while swimming.
You are very stealthy in the water. (Stealth+)
You possess an exceptional clarity of mind.
You are resistant to hostile enchantments. (MR+)


Message History

The ufetubus closely misses you! The bat hits you but does no damage!
The bat barely misses you!
The ufetubus hits you but does no damage! x2
The leopard gecko hisses menacingly!
You block the ufetubus's attack! The ufetubus misses you!
Save game and exit?
You hear the sound of rushing water!
There is an entrance to a sewer on this level!
Hurry and find it before the portal rusts away!!!
Level annotation: Eustachio Welcome back, busta the Merfolk Archaeologist!
Okawaru says: Bring me glory in combat!!!
Press ? for a list of commands and other information!
You hear the sound of rushing water!
There is an entrance to a sewer on this level!
Hurry and find it before the portal rusts away!!!
Level annotation: Eustachio Welcome back, busta the Merfolk Archaeologist!
Okawaru says: Bring me glory in combat!!!
Press ? for a list of commands and other information!
Your library has no spells!
Are you sure you want to abandon this character and quit the game? (Confirm with "yes"!)

..
..........$..#.## ,
#.##...........#..
* *
*,#................
* * ,
##...........#
#.^l.........# * *
,* #............# *
* #.#.<........# ,
#.#..5.......# , *,
#.s..#@#+####### *
* , ,,
...#..b........ *
##.....@..#.##. *
.....<....# * ,
##.#.#....# ,
..........# , . ..
.....# #......... ,
,


You could see Eustachio, an ufetubus, a leopard gecko and a bat.

Vanquished Creatures
  2 ogres (D:4)
  A bullfrog (D:6)
  2 crimson imps
  An orc priest (D:3)
  A hound (D:3)
  A bullfrog skeleton (D:3)
  Terence (D:2)
  3 worker ants
  A hound zombie (D:4)
  Robin (D:1)
  7 gnolls
  2 adders
  A shadow imp (D:5)
  An ooze (D:4)
  7 worms
  4 dart slugs
  3 leopard geckos
  12 orcs (D:3)
  A bat (D:3)
  2 giant cockroaches
  7 goblins
  12 hobgoblins
  6 jackals (D:4)
  A quokka (D:2)
  3 frilled lizards
  8 kobolds
  3 rats (D:1)
94 creatures vanquished.

Notes
Turn   | Place    | Note
-------+----------+-------------------------------------------
     0 | D:1      | busta the Merfolk Archaeologist began the quest for the
                  | Orb.
     0 | D:1      | Reached XP level 1. HP: 15/15 MP: 1/1
   463 | D:1      | Reached XP level 2. HP: 21/21 MP: 2/2
   585 | D:1      | Reached skill level 5 in Dodging
   883 | D:2      | Noticed Terence
   965 | D:1      | Reached XP level 3. HP: 18/26 MP: 3/3
  1037 | D:2      | Noticed Robin
  1319 | D:1      | Killed Robin
  1319 | D:1      | Reached skill level 1 in Shields
  1854 | D:2      | Reached XP level 4. HP: 18/32 MP: 4/4
  2606 | D:2      | Killed Terence
  2639 | D:3      | Reached skill level 5 in Shields
  2639 | D:3      | Reached XP level 5. HP: 36/37 MP: 5/5
  3093 | D:3      | Found a burning altar of Makhleb.
  3109 | D:4      | Gained mutation: You passively map a small area around you.
                  | [potion of mutation]
  3109 | D:4      | Gained mutation: You are frail. (-10% HP) [potion of
                  | mutation]
  3109 | D:4      | Gained mutation: Your spells are a little harder to cast,
                  | but a little more powerful. [potion of mutation]
  3115 | D:4      | Found Tepiomint's Magic Scroll Shop.
  3279 | D:4      | Noticed an ogre
  3294 | D:4      | Killed an ogre
  3294 | D:4      | Reached XP level 6. HP: 9/38 MP: 6/6
  3619 | D:4      | Found an ornate altar of the Wu Jian Council.
  3918 | D:4      | Reached skill level 1 in Polearms
  4058 | D:4      | Found Jywneohue's Weapon Shop.
  4158 | D:4      | Reached XP level 7. HP: 43/43 MP: 7/7
  4375 | D:4      | Found a staircase to the Ecumenical Temple.
  4381 | Temple   | Entered the Ecumenical Temple
  4465 | Temple   | Became a worshipper of Warmaster Okawaru
  4758 | D:3      | Reached skill level 5 in Polearms
  5272 | D:5      | Entered Level 5 of the Dungeon
  5318 | D:5      | Noticed a red ugly thing
  5371 | D:5      | Found Pifumum's Food Emporium.
  5986 | D:6      | Lost mutation: You are frail. (-10% HP) [potion of
                  | mutation]
  5986 | D:6      | Lost mutation: Your spells are a little harder to cast, but
                  | a little more powerful. [potion of mutation]
  5986 | D:6      | Lost mutation: You passively map a small area around you.
                  | [potion of mutation]
  5986 | D:6      | Gained mutation: You possess an exceptional clarity of
                  | mind. [potion of mutation]
  5986 | D:6      | Gained mutation: You are resistant to hostile enchantments.
                  | (MR+) [potion of mutation]
  5998 | D:6      | Noticed Eustachio
  6036 | D:6      | Quit the game

Skill      XL: |  1  2  3  4  5  6  7 |
---------------+----------------------+-----
Dodging        | 5 |  5.5
Shields        | 3 5 7 |  7.5
Polearms       | 4 7 |  7.1
Fighting       | |  1.1
Maces & Flails | |  0.7
Stealth        | |  3.6

Action                   |  1- 3 |  4- 6 |  7- 9 || total
-------------------------+-------+-------+-------++-------
Melee: Whip              |   191 |    16 |       ||   207
       Halberd           |       |   235 |       ||   235
       Spear             |       |    99 |   179 ||   278
  Use: Scroll            |       |     9 |     5 ||    14
       Potion            |       |     2 |     2 ||     4
 Stab: Sleeping          |     2 |     2 |     4 ||     8
       Distracted        |       |       |     1 ||     1
  Eat: Chunk             |     3 |     5 |     3 ||    11
       Ration            |       |     1 |     1 ||     2
Armor: Robe              |    31 |     8 |    22 ||    61
       Chain mail        |       |   151 |       ||   151
       Skin              |       |     1 |       ||     1
Dodge: Dodged            |   108 |   132 |    93 ||   333
Block: Shield            |       |    60 |    42 ||   102
       Buckler           |       |     8 |    39 ||    47
